 Dungeon Crawl Stone Soup version 0.31-a0-1074-g0b22e4e0f1 (webtiles) character file.

Game seed: 4605865449022649148

380 BigPumpCobain the Ruffian (level 6, 0/47 HPs)
             Began as a Draconian Shapeshifter on Dec 3, 2023.
             Was an Initiate of Qazlal.
             Slain by a gnoll
             ... wielding a +0 halberd
             ... led by a gnoll bouda
              (2 damage)
             ... on level 5 of the Dungeon.
             The game lasted 00:08:25 (4175 turns).

BigPumpCobain the Ruffian (Draconian Shapeshifter)  Turns: 4175, Time: 00:08:27

Health: 0/47       AC:  6    Str: 24    XL:     6   Next: 46%
Magic:  6/6        EV: 12    Int: 11    God:    Qazlal [......]
Gold:   140        SH:  0    Dex: 10    Spells: 5/5 levels left

rFire   . .          .
                       - Unarmed
rCold   . . .        (no shield)
rNeg    . . .        (body armour unavailable)
rPois   .            (helmet currently unavailable)
rElec   .            (cloak currently unavailable)
rCorr   .            (gloves currently unavailable)
SInv    .            (boots currently unavailable)
Will    .....        l - amulet of faith
Stlth   +            s - +6 ring of strength
HPRegen 0.27/turn    p - ring of flight
MPRegen 0.10/turn

%: faith
@: beast-form, flying
A: beast (slay +2), AC +6, unfitting armour, cold-blooded
a: Begin Untransformation, Renounce Religion


You were on level 5 of the Dungeon.
You worshipped Qazlal.
Qazlal was noncommittal.
You were a hulking beast.
You visited 1 branch of the dungeon, and saw 5 of its levels.

You collected 189 gold pieces.
You spent 49 gold pieces at shops.

Inventory:

Hand Weapons
 k - a +3 club
 q - a +1 short sword of speed
Armour
 r - a +0 pair of gloves
Jewellery
 h - a ring of poison resistance
 l - an amulet of faith (around neck)
 p - a ring of flight (right hand)
 s - a +6 ring of strength (left hand)
Talismans
 b - a beast talisman (active)
 c - a flux talisman
 f - a dragon-blood talisman
 i - a talisman of death
Scrolls
 d - 5 scrolls of teleportation {unknown}
 j - a scroll of enchant weapon {unknown}
 m - 4 scrolls of identify {unknown}
 t - a scroll of revelation {unknown}
Potions
 a - a potion of lignification
 e - 2 potions of degeneration {unknown}
 g - a potion of ambrosia {unknown}
 n - 2 potions of brilliance {unknown}
 o - 4 potions of might {unknown}


   Skills:
 - Level 1.1 Fighting
 - Level 1.7 Dodging
 * Level 6.2 Unarmed Combat
 + Level 4.6 Shapeshifting


You had 5 spell levels left.
You didn't know any spells.
Your spell library was empty.

Dungeon Overview and Level Annotations

Branches:
Dungeon (5/15)
 Temple: D:4-7

Altars:
Hepliaklqana
Qazlal
Xom
The Shining One

Shops:
D:4 [


Innate Abilities, Weirdness & Mutations

You are a hulking beast.
Your limbs bulge with bestial killing power. (Slay +2)
Your plain brown scales are hard. (AC +6)
You cannot fit into any form of body armour.
You are cold-blooded and may be slowed by cold attacks.


Message History

A gnoll comes into view. It is wielding a +0 halberd.
A gnoll bouda comes into view. It is wielding a +0 whip.
The gnoll bouda shouts!
You hear a shout! x3
A gnoll comes into view. It is wielding a +0 spear.
An ogre comes into view.
It is wielding a +0 giant spiked club. 2 gnolls come into view.
The gnoll shouts! x2; You hear a shout!
A gnoll comes into view. It is wielding a +0 club.
Found a stone staircase leading down.
An orc comes into view. It is wielding a +0 heavy flail.
The gnoll hits you from afar with a +0 halberd.
The gnoll bouda barks out a call to the hunt!
The gnolls pick up the pace!
The gnoll hits you from afar with a +0 halberd!
The gnoll bouda gazes fiercely through you!
You feel your attacks grow feeble. The gnoll hits you with a +0 club.
The gnoll closely misses you.
The gnoll hits you from afar with a +0 spear.
You hear the rapid hiss of a very distant avalanche of sand.
The gnoll attacks as it pursues you!
The gnoll hits you from afar with a +0 halberd!
The gnoll hits you from afar with a +0 spear.
The gnoll closely misses you.
You hit the gnoll.
The gnoll is lightly wounded.
The gnoll hits you with a +0 club.
The gnoll hits you from afar with a +0 spear.
* * * LOW HITPOINT WARNING * * *
You closely miss the gnoll.
The gnoll is lightly wounded.
The gnoll hits you from afar with a +0 halberd!
* * * LOW HITPOINT WARNING * * *
The gnoll misses you.
You hit the gnoll.
The gnoll is moderately wounded.
Your attacks no longer feel as feeble.
The gnoll hits you from afar with a +0 spear.
* * * LOW HITPOINT WARNING * * *
The gnoll hits you from afar with a +0 halberd.
You die...

............#... ....
#.......).####.
...###.....)...## ##
#...##..........###.
#..............##..
#.............#...
##.......##.......# ....
#.......####..##..# ......
#gh.....# #..###.. .#..... #
##.##...## ##.## ##.
...#...##. #gg##.†.# #..# ##
...o#..#.###gg##...## #.## #
.......#.##g.##.....###.## ##
..........oO.............# #.
......................#..###
#.
#...##O.....[#......####..###.
.. #...............# ##..#..


You could see an ogre, a gnoll bouda, 5 gnolls and an orc.

Vanquished Creatures
  A steam dragon (D:5)
  A scorpion (D:5)
  A jelly (D:5)
  Jessica (D:2)
  An iguana (D:4)
  2 gnolls (D:5)
  2 adders
  A worm (D:4)
  2 dart slugs (D:3)
  An orc (D:3)
  5 endoplasms
  4 giant cockroaches
  3 hobgoblins
  9 jackals
  3 quokkas
  6 ball pythons
  3 bats
  4 frilled lizards
  7 kobolds
  6 rats
63 creatures vanquished.

Notes
Turn   | Place    | Note
-------+----------+-------------------------------------------
     0 | D:1      | BigPumpCobain the Draconian Shapeshifter began the quest
                  | for the Orb.
     0 | D:1      | Reached XP level 1. HP: 16/16 MP: 1/1
   197 | D:1      | Reached XP level 2. HP: 15/23 MP: 2/2
  1045 | D:2      | Noticed Jessica
  1057 | D:2      | Killed Jessica
  1058 | D:2      | Reached skill level 4 in Unarmed Combat
  1058 | D:2      | Reached XP level 3. HP: 19/28 MP: 3/3
  1523 | D:3      | Reached XP level 4. HP: 32/35 MP: 4/4
  2070 | D:3      | Found a glowing golden altar of the Shining One.
  2254 | D:3      | Found a stormy altar of Qazlal.
  2288 | D:3      | Became a worshipper of Qazlal Stormbringer
  2680 | D:3      | Found a faded altar of an unknown god.
  2681 | D:3      | Found a hazy altar of Hepliaklqana.
  2884 | D:4      | Found Xayha's Armour Emporium.
  2887 | D:4      | Bought a +0 pair of gloves for 49 gold pieces
  3118 | D:4      | Found a shimmering altar of Xom.
  3119 | D:4      | Found a shimmering altar of Xom.
  3119 | D:4      | Found a shimmering altar of Xom.
  3119 | D:4      | Found a shimmering altar of Xom.
  3120 | D:4      | Found a shimmering altar of Xom.
  3121 | D:4      | Found a shimmering altar of Xom.
  3122 | D:4      | Found a shimmering altar of Xom.
  3125 | D:4      | Reached skill level 5 in Unarmed Combat
  3540 | D:5      | Entered Level 5 of the Dungeon
  3546 | D:5      | Reached XP level 5. HP: 31/40 MP: 5/5
  3892 | D:5      | Noticed a steam dragon
  3979 | D:5      | HP: 3/60 [steam dragon (2)]
  3980 | D:5      | Killed a steam dragon
  3981 | D:5      | Reached skill level 6 in Unarmed Combat
  3981 | D:5      | Reached XP level 6. HP: 4/47 MP: 6/6
  4174 | D:5      | HP: 2/47 [gnoll/+0 halberd[a gnoll bouda] (12)]
  4175 | D:5      | Slain by a gnoll

Illustrated notes

Levels and vault maps discovered:
D:1:      lightli_arrival_noodles, layout_loops_ring, minmay_misc_feat_x
D:2:      layout_rooms, minivault_25, uniq_jessica
D:3:      layout_basic, nicolae_tso_swordbearing_angel,
          beargit_hepliaklqana_dungeon_heroes, nicolae_qazlal_general_emergency,
          wad_floor_pattern_2
D:4:      cheibrodos_helix_gallery, layout_loops_ring, xom_redecorated,
          serial_shops, shop
D:5:      layout_layer_cave, nicolae_ossuary_entry_ruins

Skill      XL: |  1  2  3  4  5 |
---------------+----------------+-----
Unarmed Combat | 4 5 6 |  6.2
Shapeshifting  | 4 |  4.6
Fighting       | |  1.1
Dodging        | |  1.7

Action                     |  1- 3 |  4- 6 || total
---------------------------+-------+-------++-------
  Melee: Unarmed           |    79 |   105 ||   184
         Tailslap          |     7 |     5 ||    12
         Punch             |     2 |     5 ||     7
Ability: Begin Untransform |     1 |     4 ||     5
         Breathe Fire      |     1 |       ||     1
    Use: Potion            |       |     1 ||     1
 Armour: Skin              |    41 |    73 ||   114
  Dodge: Dodged            |    40 |    54 ||    94
   Form: Beast             |     2 |     2 ||     4
         Dragon            |     1 |     1 ||     2
         Death             |       |     1 ||     1

Table legend: (Time is in decaauts)
 A = Elapsed time spent in this place.
 B = Non-inter-level travel time spent in this place.
 C = Inter-level travel time spent in this place.
 D = Time resting spent in this place.
 E = Time spent auto-exploring this place.
 F = Levels seen in this place.
 G = Mean time per level.
                   A        B        C        D        E       F      G
               +--------+--------+--------+--------+--------+-----+--------+
         Total |   4162 |   4088 |     74 |    882 |   2625 |   5 |  832.4 |
       Dungeon |   4162 |   4088 |     74 |    882 |   2625 |   5 |  832.4 |
               +--------+--------+--------+--------+--------+-----+--------+

Top non-repeatable levels by time:
     D:3: 1321 daAuts
     D:1: 975 daAuts
     D:4: 919 daAuts
     D:2: 515 daAuts
     D:5: 431 daAuts
